 Dungeon Crawl Stone Soup version 0.22.0 (webtiles) character file.

513 BigChef the Poker (level 7, -1/54 HPs)
             Began as a Demonspawn Chaos Knight on Aug 29, 2018.
             Slain by a wight
             ... wielding a +3 dagger of freezing
              (2 damage)
             ... on level 3 of the Dungeon.
             The game lasted 00:06:53 (3024 turns).

BigChef the Poker (Demonspawn Chaos Knight)         Turns: 3024, Time: 00:06:55

Health: -1/54      AC:  5    Str: 12 (15) XL:     7   Next: 0%
Magic:  7/7        EV: 14    Int: 11 (13) God:    Xom [.....*]
Gold:   155        SH:  0    Dex: 10 (12) Spells: 6/6 levels left

rFire    . . .     SeeInvis .   a - +1 spear (chaos)
rCold    . . .     Gourm    .   (no shield)
rNeg     . . .     Faith    .   b - +2 leather armour
rPois    .         Spirit   .   (no helmet)
rElec    .         Reflect  .   (no cloak)
rCorr    .         Harm     .   (no gloves)
MR       .....                  (no boots)
Stlth    +.........             (no amulet)
HPRegen  0.18/turn              d - +3 ring of evasion
MPRegen  0.10/turn              (no ring)

@: heavily drained
A: claws 1, powered by death 2, rot immunity
a: Renounce Religion


You were on level 3 of the Dungeon.
You worshipped Xom.
You were Xom's teddy bear.
You were not hungry.

You visited 1 branch of the dungeon, and saw 5 of its levels.

You collected 155 gold pieces.

Inventory:

Hand Weapons
 a - a +1 spear of chaos (weapon)
Armour
 b - a +2 leather armour (worn)
Jewellery
 d - a +3 ring of evasion (left claw)
Scrolls
 e - a scroll of identify
Comestibles
 c - 6 rations


   Skills:
 + Level 4.2(2.8) Fighting
 + Level 5.1(3.6) Polearms
 + Level 2.7(1.3) Armour
 + Level 2.3(0.9) Dodging
 + Level 2.7(1.3) Stealth


You had 6 spell levels left.
You didn't know any spells.
Your spell library was empty.

Dungeon Overview and Level Annotations

Branches:
Dungeon (5/15)
 Temple: D:4-7

Altars:
Ashenzari
Elyvilon
Makhleb
Okawaru
Uskayaw
Xom


Innate Abilities, Weirdness & Mutations

You have sharp fingernails.
You regenerate health from kills.
You are immune to rotting.


Message History

You are now Xom's teddy bear.
The wight hits you with a dagger of freezing.
* * * LOW HITPOINT WARNING * * *
You feel drained.
* * * LOW HITPOINT WARNING * * *
The wight freezes you.
* * * LOW HITPOINT WARNING * * *
Press: ? - help, v - describe, . - travel, g - get item A scroll of fog.
There is something else lying underneath.
The floor.
f - a scroll of fog The wight hits you but does no damage.
As you read the scroll of fog, it crumbles to dust.
The scroll dissolves into smoke.
The wight hits you with a dagger of freezing.
* * * LOW HITPOINT WARNING * * *
You feel drained.
You die... "Boring in life, boring in death..."

.<...## #.#.#.#.#..≈≈.....≈≈..#..
......# #.....#.#...§≈≈§§§≈...#..
#.....#####.....#....≈≈8§≈....###
#...............#......≈......#
##[.............#........._...###
...>............#..._._.......#..
###...........§##§§...........###
# #...........§§#§§._.........##
# #...........§z@§#####.##.....##
# #...........§#### #..†....... #
############## ####.....## ##
#....... .######## #.....##
........# #.....# ##.####.#
#.....## .....##.# #.......
......#.# #.......


You could see a wight.

Vanquished Creatures
  A swamp drake (D:3)
  A bullfrog (D:3)
  A hound (D:3)
  3 iron imps (D:3)
  An orc priest (D:4)
  A worker ant (D:5)
  6 adders
  A river rat (D:2)
  2 worms (D:2)
  3 dart slugs
  3 leopard geckos
  15 orcs
  5 giant cockroaches
  5 goblins
  9 hobgoblins
  11 jackals
  5 kobolds
  A quokka (D:2)
  6 bats
  4 frilled lizards
  4 rats
88 creatures vanquished.

Vanquished Creatures (collateral kills)
  A frilled lizard (D:2)
1 creature vanquished.

Vanquished Creatures (others)
  A worm (D:2)
  An orc (D:3)
2 creatures vanquished.

Grand Total: 91 creatures vanquished

Notes
Turn   | Place    | Note
-------+----------+-------------------------------------------
     0 | D:1      | BigChef the Demonspawn Chaos Knight began the quest for the Orb.
     0 | D:1      | Reached XP level 1. HP: 18/18 MP: 1/1
    47 | D:1      | XOM: divination: magic mapping
    60 | D:1      | Reached skill level 3 in Polearms
   326 | D:1      | Gained mutation: You regenerate a little health from kills. [demonic ancestry]
   326 | D:1      | Reached XP level 2. HP: 20/24 MP: 2/2
   660 | D:1      | XOM: harmless Ice miscast
   845 | D:2      | Reached XP level 3. HP: 29/29 MP: 3/3
   912 | D:2      | XOM: enchant monster (bad)
   914 | D:2      | Reached skill level 1 in Dodging
  1058 | D:2      | XOM: harmless Hex miscast
  1222 | D:2      | Reached skill level 1 in Stealth
  1232 | D:2      | Gained mutation: You regenerate health from kills. [demonic ancestry]
  1232 | D:2      | Reached XP level 4. HP: 30/35 MP: 4/4
  1332 | D:2      | XOM: noise
  1523 | D:2      | Found a faded altar of an unknown god.
  1701 | D:2      | Found an iron altar of Okawaru.
  1774 | D:2      | XOM: stat loss: -1 Str (13/14)
  1884 | D:3      | Found a shattered altar of Ashenzari.
  2023 | D:3      | Found a white marble altar of Elyvilon.
  2042 | D:3      | Found a hide-covered altar of Uskayaw.
  2128 | D:3      | Reached skill level 4 in Polearms
  2217 | D:3      | Noticed a hand axe
  2217 | D:3      | Noticed a dagger
  2273 | D:3      | Found a burning altar of Makhleb.
  2280 | D:3      | XOM: scenery: create altars
  2281 | D:3      | XOM: swap monsters
  2292 | D:3      | Gained mutation: You are immune to rotting. [demonic ancestry]
  2292 | D:3      | Reached XP level 5. HP: 41/41 MP: 5/5
  2478 | D:3      | Noticed a swamp drake
  2478 | D:3      | an orc priest changed into a swamp drake
  2479 | D:3      | XOM: enchant monster (bad)
  2482 | D:3      | Killed a swamp drake
  2482 | D:3      | Gained mutation: You have sharp fingernails. [demonic ancestry]
  2482 | D:3      | Reached XP level 6. HP: 31/48 MP: 6/6
  2610 | D:4      | XOM: confuse monster(s)
  2613 | D:5      | Entered Level 5 of the Dungeon
  2909 | D:4      | XOM: 1-stop teleportation journey
  2913 | D:4      | XOM: cast spell 'Leda's Liquefaction'
  2929 | D:3      | HP: 2/48 [hound (6)]
  2948 | D:3      | XOM: enchant monster (good)
  2954 | D:3      | Reached skill level 5 in Polearms
  2971 | D:3      | Reached XP level 7. HP: 48/54 MP: 7/7
  3001 | D:3      | XOM: enchant monster (good)
  3022 | D:3      | XOM: god gift: scroll of fog
  3024 | D:3      | HP: 1/54 [wight/dagger of freezing (4)]
  3024 | D:3      | Slain by a wight

Skill      XL: |  1  2  3  4  5  6 |
---------------+-------------------+-----
Polearms       | 3 4 5 |  5.1
Armour         | 2 |  2.7
Dodging        | 1 2 |  2.3
Stealth        | 1 2 |  2.7
Fighting       | 4 |  4.2

Action                   |  1- 3 |  4- 6 |  7- 9 || total
-------------------------+-------+-------+-------++-------
Melee: Spear             |   133 |   228 |    12 ||   373
  Use: Potion            |     3 |     7 |     1 ||    11
       Scroll            |       |     9 |     1 ||    10
 Stab: Confused          |     1 |     4 |       ||     5
       Paralysed         |     5 |       |       ||     5
       Sleeping          |       |     4 |       ||     4
       Invisible         |       |     4 |       ||     4
  Eat: Chunk             |       |     3 |       ||     3
       Ration            |       |     1 |     1 ||     2
Armor: Leather armour    |    42 |    75 |     8 ||   125
       Skin              |    10 |    15 |       ||    25
Dodge: Dodged            |    53 |   122 |    12 ||   187
